 Dungeon Crawl Stone Soup version 0.24-a0-699-g5a66b1aa3b (webtiles) character file.

Game seed: 9976102371352526383, levelgen mode: deterministic

473148 immobiliser the Scorcher (level 24, -10/154 HPs)
             Began as a Gargoyle Earth Elementalist on Sept 28, 2019.
             Was the Champion of Vehumet.
             Mangled by a vampire knight
             ... wielding a +1 war axe of chopping
              (18 damage)
             ... on level 1 of the Crypt on Sept 29, 2019.
             The game lasted 04:28:52 (67887 turns).

immobiliser the Scorcher (GrEE)                    Turns: 67887, Time: 04:28:53

Health: -10/154    AC: 35    Str: 16    XL:     24   Next: 99%
Magic:  33/42      EV: 22    Int: 31    God:    Vehumet [******]
Gold:   4861       SH:  0    Dex: 15    Spells: 15/54 levels left

rFire    . . .     SeeInvis .   W - +6 eveningstar (elec)
rCold    + . .     Gourm    +   (no shield)
rNeg     + . .     Faith    .   T - +2 robe {Archmagi}
rPois    ∞         Spirit   .   y - +2 hat {Int+3}
rElec    +         Reflect  .   g - scarf {cloud immunity}
rCorr    .         Harm     .   O - +2 pair of gloves
MR       ++...                  Y - +1 pair of boots of Temperance {Dex+5}
Stlth    +++.......             V - amulet of the gourmand
HPRegen  0.35/turn              f - ring of Acuapuad {rC+ Int+4}
MPRegen  0.28/turn              z - +5 ring of protection

@: flying
A: big wings, horns 1, thin skeletal structure 1, clumsy 1, magic resistance 1,
negative energy resistance 1, electricity resistance, unbreathing, petrification
resistance, rot immunity, AC +18
}: 1/15 runes: decaying
a: Stop Flying, Renounce Religion


You were on level 1 of the Crypt.
You worshipped Vehumet.
Vehumet was exalted by your worship.
You were full.

You visited 10 branches of the dungeon, and saw 44 of its levels.
You also visited: Gauntlet and Wizlab.

You collected 5724 gold pieces.
You spent 863 gold pieces at shops.

Inventory:

Hand Weapons
 S - the +2 great mace "Wablal" {freeze, +Inv rF+ Dex+3}
   (You found it in a Gauntlet)

   It has been specially enchanted to freeze those struck by it, causing extra
   injury to most foes and up to half again as much damage against particularly
   susceptible opponents.
   It can also slow down cold-blooded creatures.
   It affects your dexterity (+3).
   It protects you from fire.
   It lets you turn invisible.
 W - a +6 eveningstar of electrocution (weapon)
Missiles
 b - 540 stones (quivered)
 E - 3 throwing nets
Armour
 g - a scarf of cloud immunity (worn)
 l - a +2 robe of cold resistance
 y - a +2 hat of intelligence (worn)
 M - the +4 moon troll leather armour {Spirit, Regen++ MP+5}
   (You took it off a moon troll in a wizard's laboratory)

   It affects your magic capacity (+5).
   It increases your rate of regeneration.
 O - a +2 pair of gloves (worn)
 T - a +2 robe of the Archmagi (worn)
 Y - the +1 pair of boots of Temperance (worn) {Dex+5}
   (You bought it in a shop on level 2 of the Orcish Mines)

   It affects your dexterity (+5).
Magical Staves
 Z - an uncursed staff of power
Jewellery
 f - the ring of Acuapuad (left hand) {rC+ Int+4}
   (You found it on level 1 of the Lair of Beasts)

   [ring of protection from cold]

   It affects your intelligence (+4).
   It protects you from cold.
 k - an uncursed ring of protection from fire
 z - a +5 ring of protection (right hand)
 C - an uncursed ring of protection from cold
 N - an uncursed ring of protection from fire
 R - the ring "Nuthruga" {-Tele rPois MR+ rCorr Str+3}
   (You found it in a wizard's laboratory)

   [ring of resist corrosion]

   It affects your strength (+3).
   It protects you from poison.
   It affects your resistance to hostile enchantments.
   It prevents most forms of teleportation.
   It provides partial protection from all sources of acid and corrosion.
 V - an amulet of the gourmand (around neck)
Wands
 w - a wand of iceblast (27)
 I - a wand of digging (31)
 K - a wand of disintegration (18)
Scrolls
 a - 7 scrolls of fear
 e - 2 scrolls of magic mapping
 h - 9 scrolls of amnesia
 n - 5 scrolls of blinking
 r - 2 scrolls of holy word
 s - 3 scrolls of teleportation
 x - 13 scrolls of remove curse
 A - 14 scrolls of identify
 D - 4 scrolls of fog
 J - 2 scrolls of enchant armour
 Q - a scroll of immolation
Potions
 j - a potion of ambrosia
 m - 3 potions of cancellation
 o - 3 potions of haste
 q - a potion of resistance
 t - a potion of might
 u - 6 potions of agility
 B - 9 potions of mutation
 F - 3 potions of invisibility
 G - 12 potions of curing
 L - 2 potions of heal wounds
 P - 2 potions of brilliance
Miscellaneous
 c - a fan of gales
 v - 2 sacks of spiders
 H - 2 boxes of beasts
 U - a lightning rod (4/4)
Comestibles
 d - 76 rations


   Skills:
 + Level 16.6 Fighting
 - Level 14.0 Maces & Flails
 - Level 6.0 Armour
 + Level 13.4 Dodging
 - Level 2.1 Stealth
 + Level 15.6 Spellcasting
 + Level 16.9 Conjurations
 - Level 0.7 Transmutations
 * Level 19.5 Fire Magic
 + Level 18.5 Earth Magic
 - Level 6.0 Evocations


You had 15 spell levels left.
You knew the following spells:

 Your Spells              Type           Power        Failure   Level  Hunger
a - Sandblast             Erth           ######       0%          1    None
b - Stone Arrow           Conj/Erth      ######       0%          3    None
c - Lee's Rapid Deconstr  Erth           ########..   1%          5    None
d - Iron Shot             Conj/Erth      ########..   1%          6    ###....
e - Ignition              Fire           ########..   1%          8    ######.
f - Bolt of Fire          Conj/Fire      ########..   1%          6    ###....
g - Bolt of Magma         Conj/Fire/Erth ########..   1%          5    None
h - Irradiate             Conj/Tmut      #######...   1%          5    None

Your spell library contained the following spells:

 Spells                   Type           Power        Failure   Level  Hunger
 Lehudib's Crystal Spear  Conj/Erth      ########..   2%          8    ######.
 Chain Lightning          Conj/Air       #######...   65%         8    ######.
 Magic Dart               Conj           ####         0%          1    None
 Conjure Flame            Conj/Fire      ########     0%          3    None
 Sticky Flame             Conj/Fire      ########     0%          4    None
 Animate Skeleton         Necr           N/A          1%          1    None
 Apportation              Tloc           #####.       1%          1    None
 Confusing Touch          Hex            #####.       1%          1    None
 Corona                   Hex            #####..      1%          1    None
 Freeze                   Ice            ####         1%          1    None
 Infusion                 Chrm           ####         1%          1    None
 Pain                     Necr           ####         1%          1    None
 Shock                    Conj/Air       ####         1%          1    None
 Summon Butterflies       Summ           #####...     1%          1    None
 Summon Small Mammal      Summ           ####         1%          1    None
 Passwall                 Tmut/Erth      #######.     1%          2    None
 Sticks to Snakes         Tmut           #####...     1%          2    None
 Throw Frost              Conj/Ice       ######       1%          2    None
 Dazzling Spray           Conj/Hex       ######       1%          3    None
 Ignite Poison            Fire/Tmut/Pois #######.     1%          3    None
 Inner Flame              Hex/Fire       #######.     1%          3    None
 Mephitic Cloud           Conj/Pois/Air  ######..     1%          3    None
 Static Discharge         Conj/Air       #######.     1%          3    None
 Force Lance              Conj/Tloc      #######.     1%          4    None
 Leda's Liquefaction      Hex/Erth       #######...   1%          4    None
 Petrify                  Tmut/Erth      #######.     1%          4    None
 Throw Icicle             Conj/Ice       #######.     1%          4    None
 Borgnjor's Vile Clutch   Necr/Erth      #######...   1%          5    None
 Lightning Bolt           Conj/Air       #######...   1%          5    None
 Venom Bolt               Conj/Pois      #######...   1%          5    None
 Blink                    Tloc           N/A          2%          2    None
 Call Imp                 Summ           #####...     2%          2    None
 Corpse Rot               Necr           N/A          2%          2    None
 Ensorcelled Hibernation  Hex/Ice        #####.       2%          2    None
 Shroud of Golubria       Chrm/Tloc      #####.       2%          2    None
 Slow                     Hex            #####...     2%          2    None
 Song of Slaying          Chrm           #####...     2%          2    None
 Swiftness                Chrm/Air       #####...     2%          2    None
 Bolt of Cold             Conj/Ice       #######...   2%          6    ###....
 Conjure Ball Lightning   Conj/Air       #######...   2%          6    ###....
 Spider Form              Tmut/Pois      #####.....   4%          3    None
 Call Canine Familiar     Summ           #####...     5%          3    None
 Confuse                  Hex            #####...     5%          3    None
 Gell's Gravitas          Tloc           #####.....   5%          3    None
 Lesser Beckoning         Tloc           #####.....   5%          3    None
 Ozocubu's Armour         Chrm/Ice       #####...     5%          3    None
 Portal Projectile        Hex/Tloc       #####.       5%          3    None
 Recall                   Summ/Tloc      N/A          5%          3    None
 Regeneration             Chrm/Necr      #####.....   5%          3    None
 Spectral Weapon          Hex/Chrm       #####...     5%          3    None
 Summon Guardian Golem    Hex/Summ       #####...     5%          3    None
 Tukima's Dance           Hex            #####...     5%          3    None
 Vampiric Draining        Necr           #####.....   5%          3    None
 Airstrike                Air            #####.....   5%          4    None
 Olgreb's Toxic Radiance  Pois           #####...     5%          4    None
 Yara's Violent Unravell  Hex/Tmut       #####.....   12%         5    None
 Ice Form                 Ice/Tmut       #####...     16%         4    None
 Animate Dead             Necr           N/A          19%         4    None
 Passage of Golubria      Tloc           N/A          19%         4    None
 Summon Ice Beast         Ice/Summ       #####...     19%         4    None
 Summon Lightning Spire   Summ/Air       #####...     19%         4    None
 Shatter                  Erth           ########..   24%         9    #######
 Alistair's Intoxication  Tmut/Pois      #####...     41%         5    None
 Dispel Undead            Necr           #####...     45%         5    None
 Excruciating Wounds      Chrm/Necr      #####.....   45%         5    None
 Metabolic Englaciation   Hex/Ice        #####.....   45%         5    None
 Silence                  Hex/Air        #####.....   45%         5    None
 Hydra Form               Tmut           #####.....   91%         6    ###....
 Darkness                 Hex            #####.....   96%         6    ###....
 Death Channel            Necr           #####.....   96%         6    ###....
 Deflect Missiles         Chrm/Air       #####.....   96%         6    ###....
 Dispersal                Tloc           #####.....   96%         6    ###....
 Invisibility             Hex            #####...     96%         6    ###....
 Simulacrum               Ice/Necr       #####.....   96%         6    ###....
 Dragon Form              Tmut           #####.....   100%        7    #####..
 Controlled Blink         Tloc           N/A          100%        8    ######.
 Disjunction              Tloc           #####.....   100%        8    ######.
 Tornado                  Air            #####.....   100%        9    #######
 Sublimation of Blood     Necr           Unusable     N/A         2    N/A
 Statue Form              Tmut/Erth      Unusable     N/A         6    N/A

Dungeon Overview and Level Annotations

Branches:
Dungeon (15/15)            Temple (1/1) D:4            Lair (6/6) D:8
  Swamp (4/4) Lair:4       Spider (4/4) Lair:2        Slime (0/5) Lair:6
    Orc (2/2) D:10            Elf (3/3) Orc:2        Vaults (5/5) D:14
  Crypt (1/3) Vaults:3     Depths (3/5) D:15         WizLab (visited)
Gauntlet (visited)

Altars:
Ashenzari
Cheibriados
Dithmenos
Elyvilon
Fedhas
Gozag
Kikubaaqudgha
Makhleb
Nemelex Xobeh
Okawaru
Qazlal
Ru
Sif Muna
Trog
Uskayaw
Vehumet
Wu Jian
Xom
Yredelemnul
Zin
The Shining One
Beogh

Shops:
D:12 [   Orc:2 [*=[(

Portals:
Hell: Depths:1 Depths:2 Depths:3
Abyss: Depths:1
Pandemonium: Depths:3
Ziggurat: Depths:1

Annotations:
D:11 2 transporters, krystol's ghost, journeyman MiFi
Lair:1 1 runed translucent door, SockSock's ghost, journeyman MiCK
Spider:4 exclusion: 6 doors
Orc:2 3 runed translucent doors, exclusion: 3 doors, SirMumm's ghost, journeyman GrWz
Elf:2 3 runed translucent doors, exclusion: door


Innate Abilities, Weirdness & Mutations

You are resistant to torment.
Your stone body is resilient. (AC +18)
You are immune to poison.
Your large and strong wings let you fly indefinitely.
You resist negative energy. (rN+)
You are resistant to electric shocks. (rElec)
You can survive without breathing.
You are immune to petrification.
You are immune to rotting.
You have a pair of small horns on your head.
You have a somewhat thin skeletal structure. (Dex +2, Stealth)
You are clumsy. (Dex -2)
You are resistant to hostile enchantments. (MR+)


Message History

You hear some strange, mumbled words.
You barely miss something.
Unholy energy fills the air.
You closely miss something. Your headbutt misses something. Something hits you!
Something barely misses you.
You impale something!! Something hits you!!
* * * LOW HITPOINT WARNING * * *
x2 Something barely misses you.
You closely miss something.
Unholy energy fills the air.
* * * LOW HITPOINT WARNING * * *
You hit something but do no damage. Lightning courses through something!
Your headbutt misses something.
Unholy energy fills the air.
* * * LOW HITPOINT WARNING * * *
You completely miss something. You headbutt something.
Something hits you but does no damage. Something bites you but does no damage.
You closely miss something. Your headbutt misses something.
Something hits you!!
* * * LOW HITPOINT WARNING * * *
x2 Something bites you but does no damage.
You barely miss something. You headbutt something. Something hits you!!
You die...

####### ###8.⌠.8###
#8^.^..^^8#
##.........##
#8..⌠...⌠..8#####
#^^.......^..^'.##
#⌠............'..# #
#^^....<...^.^'.@##..#
#8..⌠...⌠..8####.....#
##^......^.##
#........# #8.^....^8#
#......#.# ###8.⌠^8###
#.[....# #######
#........ #.....##.[
....%.# #. .######


There were no monsters in sight!

Vanquished Creatures
  A juggernaut (Depths:1)
  Sojobo (Vaults:2)
  Frederick (Vaults:3)
  Saint Roka (Vaults:4)
  A caustic shrike (Depths:2)
  Jory (Depths:3)
  Nikola (Depths:2)
  Arachne (Spider:3)
  A bone dragon (Vaults:2)
  Jorgrun (D:13)
  4 deep elf blademasters (Elf:3)
  2 tentacled monstrosities
  A moon troll (WizLab)
  Asterion (Depths:3)
  2 quicksilver dragons
  4 deep elf master archers (Elf:3)
  An acid blob (Depths:3)
  A lich (Depths:1)
  3 sphinxes
  Agnes (Elf:1)
  An ancient champion (Vaults:3)
  A thorn hunter (Swamp:4)
  A shadow dragon (Depths:2)
  7 tentacled starspawn (WizLab)
  3 tengu reavers
  A storm dragon (Vaults:4)
  Roxanne (Swamp:4)
  A revenant (Vaults:3)
  Donald (Vaults:1)
  3 azure jellies
  A draconian knight (Vaults:3)
  14 vault wardens
  5 fire giants
  An orc warlord (Orc:2)
  4 frost giants
  Aizul (Depths:3)
  7 deep elf sorcerers
  An emperor scorpion (Spider:1)
  A juggernaut zombie (Depths:3)
  A balrug (Depths:3)
  4 ghost moths
  A cacodemon (WizLab)
  2 juggernaut skeletons
  16 ironheart preservers
  7 deep elf elementalists
  A war gargoyle (Vaults:5)
  3 spriggan defenders
  8 entropy weavers
  23 very ugly things
  15 stone giants
  2 vampire knights
  Nessos (Lair:5)
  4 deep elf demonologists
  8 deep elf annihilators
  A spark wasp (Spider:3)
  A merfolk javelineer (Depths:2)
  A minotaur (Gauntlet)
  A crystal guardian (WizLab)
  Snorg (D:13)
  10 ettins
  A death ooze (Depths:3)
  2 green deaths (Swamp:4)
  3 deep elf death magi
  11 fire dragons
  9 great orbs of eyes
  A great orb of eyes (shapeshifter) (Vaults:2)
  6 jiangshi
  Fannar (D:10)
  12 yaktaur captains
  3 deep elf high priests (Elf:3)
  21 hydras
  8 rakshasas
  40 vault guards
  A monstrous demonspawn (Depths:3)
  5 ice dragons
  6 shambling mangroves
  2 spriggan air magi
  A caustic shrike simulacrum (Vaults:2)
  4 ghost crabs
  6 centaur warriors
  A catoblepas (Lair:6)
  A quicksilver dragon skeleton (Crypt:1)
  9 ogre magi
  8 alligators
  A death knight (Vaults:3)
  5 deep troll earth magi
  27 two-headed ogres
  7 dancing weapons
  5 vampire magi
  4 deep troll shamans
  4 orc high priests
  6 tengu warriors
  A queen ant (Lair:4)
  Urug (Lair:1)
  A thrashing horror (Swamp:4)
  2 spriggan berserkers
  5 hell knights (Vaults:1)
  2 wretched stars (WizLab)
  A soul eater (Depths:3)
  2 sun demons (Depths:3)
  Sonja (Lair:4)
  4 skeletal warriors (D:14)
  14 deep elf knights
  3 shadow wraiths
  2 unseen horrors (Vaults:1)
  2 fire crabs
  13 glowing orange brains
  An orange crystal statue (WizLab)
  A flayed ghost (Vaults:2)
  2 storm dragon skeletons
  2 wizards (Vaults:2)
  27 deep trolls
  9 swamp dragons
  A swamp dragon (shapeshifter) (D:14)
  14 deep elf archers
  A harpy (shapeshifter) (Vaults:3)
  4 phantasmal warriors
  5 ironbrand convokers
  The ghost of Mame the Fighter, a novice DsAK of Lugonu (D:6)
  20 orc knights
  A harpy (Vaults:2)
  44 deep elf magi
  4 necromancers
  10 orb spiders
  A lindwurm (Vaults:2)
  A wolf spider zombie (D:15)
  6 orc sorcerers
  5 manticores
  48 ugly things
  31 wolf spiders
  An oklob plant (Lair:1)
  3 salamanders (shapeshifter)
  A shining eye (Depths:3)
  9 cyclopes
  10 black mambas
  A water nymph (shapeshifter) (Depths:1)
  5 elephants (Lair:1)
  A fire giant skeleton (Depths:3)
  2 ice statues (Vaults:2)
  2 naga magi (Vaults:2)
  15 vault sentinels
  8 eyes of devastation (WizLab)
  A torpor snail (Spider:2)
  Joseph (D:10)
  5 molten gargoyles
  2 gargoyles
  7 centaur skeletons
  2 orange demons
  A yaktaur (shapeshifter) (Depths:2)
  11 spiny frogs
  A kobold demonologist (D:12)
  A human zombie (Vaults:4)
  8 komodo dragons
  41 yaktaurs
  An anaconda simulacrum (Vaults:2)
  A hellion (Depths:3)
  3 rime drakes
  An efreet (D:14)
  3 elf skeletons
  8 demonic crawlers
  8 freezing wraiths
  A golden dragon simulacrum (Vaults:2)
  8 tengu conjurers
  A meliai (shapeshifter) (D:15)
  Grinder (D:3)
  3 polar bears
  A queen bee (D:7)
  13 trolls
  A shadow dragon simulacrum (Vaults:2)
  13 tyrant leeches
  25 jumping spiders
  6 meliai
  11 hippogriffs
  21 hornets
  A hippogriff (shapeshifter) (Vaults:2)
  39 slime creatures
  19 blink frogs
  6 bog bodies
  A raiju (shapeshifter) (Vaults:3)
  Sigmund (D:3)
  A large abomination (Swamp:4)
  4 spriggans
  11 starcursed masses (WizLab)
  An ettin skeleton (Vaults:4)
  45 redbacks
  A tarantella (shapeshifter) (Vaults:2)
  3 water elementals
  3 wraiths
  An air elemental (Elf:2)
  5 shadows
  25 tarantellas
  A wyvern (shapeshifter) (Vaults:2)
  A centaur simulacrum (D:14)
  2 vampires
  5 wyverns (Lair:6)
  A ynoxinul (Gauntlet)
  6 fire elementals
  27 yaks
  4 neqoxecs
  3 golden eyes (WizLab)
  2 steam dragons (Lair:6)
  10 vampire mosquitoes
  3 hungry ghosts
  7 basilisks
  3 chaos spawn
  A yaktaur simulacrum (Vaults:4)
  2 steam dragons (shapeshifter)
  6 wargs
  14 swamp worms
  A harpy simulacrum (Vaults:2)
  An acid dragon (D:15)
  6 soldier ants (Lair:4)
  4 floating eyes
  A hydra simulacrum (Vaults:2)
  Duvessa (D:5)
  A soldier ant (shapeshifter) (Depths:1)
  11 water moccasins
  3 hell hounds (Lair:6)
  7 swamp drakes
  61 orc warriors
  8 porcupines
  3 sky beasts
  A black bear (shapeshifter) (Vaults:1)
  A meliai simulacrum (D:15)
  2 small abominations (Vaults:2)
  A hornet zombie (D:15)
  A sky beast (shapeshifter) (Depths:3)
  5 black bears
  2 phantoms
  An ice beast (D:14)
  10 boggarts
  3 black mamba simulacra (Vaults:2)
  3 wolves (Lair:1)
  20 ogres
  11 centaurs
  19 crocodiles
  A big kobold (D:12)
  5 earth elementals
  20 bullfrogs
  Dowan (D:5)
  A gnoll sergeant (D:5)
  A wyvern skeleton (D:11)
  11 scorpions
  2 human simulacra
  29 killer bees
  An elephant simulacrum (Vaults:2)
  11 wights
  2 electric eels
  A howler monkey (D:3)
  7 lava snakes
  7 crimson imps
  A bullfrog zombie (D:9)
  6 centaur zombies
  4 jellies
  2 bullfrog skeletons
  33 orc priests
  A gnoll shaman (Orc:1)
  6 hounds
  43 orc wizards
  3 iron imps (Gauntlet)
  An iguana (shapeshifter) (D:14)
  8 iguanas
  26 worker ants
  A troll simulacrum (Vaults:2)
  A hound zombie (D:6)
  A hound skeleton (D:8)
  8 gnolls
  A worker ant zombie (D:7)
  12 adders
  A howler monkey skeleton (D:4)
  2 shadow imps (D:7)
  A steam dragon skeleton (Crypt:1)
  2 white imps (Vaults:1)
  3 oozes
  An adder skeleton (D:9)
  2 worms
  8 leopard geckos
  153 orcs
  A ball python (D:5)
  8 bats
  14 giant cockroaches
  8 goblins
  9 hobgoblins
  17 jackals
  7 quokkas
  9 frilled lizards
  2 hobgoblin zombies (D:5)
  14 kobolds
  A kobold zombie (D:5)
  3 leopard gecko zombies (D:5)
  An orc zombie (D:5)
  2 quokka zombies
  6 rats
  2 fire vortices (Vaults:4)
  A macabre mass (Vaults:2)
  8 plants
  6 starspawn tentacles (WizLab)
1982 creatures vanquished.

Vanquished Creatures (collateral kills)
  2 slime creatures (Depths:3)
2 creatures vanquished.

Vanquished Creatures (others)
  A wight (D:8)
  A jelly (D:14)
  An orc priest (Vaults:1)
  An orc (D:13)
  3 demonic plants (WizLab)
  5 fungi
  7 plants
  6 starspawn tentacles (WizLab)
25 creatures vanquished.

Grand Total: 2009 creatures vanquished

Notes
Turn   | Place    | Note
-------+----------+-------------------------------------------
     0 | D:1      | immobiliser the Gargoyle Earth Elementalist began the quest
                  | for the Orb.
     0 | D:1      | Reached XP level 1. HP: 10/10 MP: 3/3
   136 | D:1      | Reached XP level 2. HP: 6/15 MP: 0/5
   823 | D:1      | Reached XP level 3. HP: 15/19 MP: 1/6
   828 | D:1      | Learned a level 3 spell: Stone Arrow
  1587 | D:2      | Reached skill level 1 in Conjurations
  1715 | D:2      | Reached XP level 4. HP: 24/24 MP: 5/8
  1763 | D:2      | Found a shimmering altar of Xom.
  1876 | D:2      | Found a shimmering blue altar of Sif Muna.
  2077 | D:3      | Found a bloodstained altar of Trog.
  2077 | D:3      | Found a hide-covered altar of Uskayaw.
  2097 | D:3      | Noticed Grinder
  2127 | D:3      | Killed Grinder
  2127 | D:3      | Reached skill level 5 in Earth Magic
  2127 | D:3      | Reached XP level 5. HP: 28/28 MP: 3/10
  2127 | D:3      | Reached XP level 6. HP: 32/32 MP: 3/11
  2179 | D:3      | Found a glowing golden altar of the Shining One.
  2283 | D:3      | Noticed Sigmund
  2335 | D:3      | Learned a level 4 spell: Petrify
  2341 | D:3      | Learned a level 5 spell: Lee's Rapid Deconstruction
  2809 | D:3      | Killed Sigmund
  2809 | D:3      | Reached XP level 7. HP: 34/36 MP: 7/13
  3783 | D:4      | Gained mutation: Your spells are a little easier to cast,
                  | but a little less powerful. [potion of mutation]
  3783 | D:4      | Gained mutation: Your body sometimes deteriorates upon
                  | taking damage. [potion of mutation]
  3783 | D:4      | Gained mutation: You have large cloven feet. [potion of
                  | mutation]
  3784 | D:4      | Lost mutation: You have large cloven feet. [potion of
                  | mutation]
  3784 | D:4      | Lost mutation: Your spells are a little easier to cast, but
                  | a little less powerful. [potion of mutation]
  3784 | D:4      | Lost mutation: Your body sometimes deteriorates upon taking
                  | damage. [potion of mutation]
  3784 | D:4      | Gained mutation: You have a pair of small horns on your
                  | head. [potion of mutation]
  3784 | D:4      | Gained mutation: You have a somewhat thin skeletal
                  | structure. (Dex +2, Stealth) [potion of mutation]
  3784 | D:4      | Gained mutation: You are resistant to hostile enchantments.
                  | (MR+) [potion of mutation]
  3828 | D:4      | Found a staircase to the Ecumenical Temple.
  3835 | Temple   | Entered the Ecumenical Temple
  3858 | Temple   | Became a worshipper of Vehumet
  4143 | D:4      | Found an ornate altar of the Wu Jian Council.
  4153 | D:4      | Reached skill level 1 in Fighting
  4153 | D:4      | Reached skill level 1 in Maces & Flails
  4153 | D:4      | Reached skill level 1 in Armour
  4168 | D:4      | Reached XP level 8. HP: 43/43 MP: 4/15
  4208 | D:4      | Reached skill level 1 in Evocations
  4477 | D:5      | Entered Level 5 of the Dungeon
  4560 | D:5      | Noticed Duvessa
  4561 | D:5      | Noticed Dowan
  4582 | D:5      | Killed Duvessa
  4592 | D:5      | Killed Dowan
  4612 | D:5      | Reached skill level 5 in Spellcasting
  4613 | D:5      | Reached skill level 5 in Conjurations
  5270 | D:5      | Reached * piety under Vehumet
  5270 | D:5      | Offered knowledge of Shock by Vehumet.
  5306 | D:5      | Found an iron altar of Okawaru.
  5371 | D:5      | Found a burning altar of Makhleb.
  5801 | D:6      | Reached XP level 9. HP: 44/49 MP: 9/16
  6176 | D:6      | Found a runed translucent gate.
  6176 | D:6      | Identified the +0 rapier of Conagroo {pain, Str+4 Int+5}
  6179 | D:6      | Found a runed translucent gate.
  6180 | D:6      | Found a runed translucent gate.
  6190 | D:6      | Noticed Mame's ghost (novice DsAK)
  6196 | D:6      | Found a roughly hewn altar of Beogh.
  6327 | D:6      | Found a shimmering altar of Xom.
  6749 | D:7      | Reached ** piety under Vehumet
  6749 | D:7      | Offered knowledge of Sting by Vehumet.
  7448 | D:8      | Found a staircase to the Lair.
  7458 | D:8      | Offered knowledge of Throw Flame by Vehumet.
  7467 | D:8      | Reached XP level 10. HP: 39/56 MP: 11/18
  7774 | D:8      | Reached *** piety under Vehumet
  8067 | D:7      | Offered knowledge of Ignite Poison by Vehumet.
  8067 | D:7      | Reached skill level 5 in Armour
  8172 | D:8      | Found an opulent altar of Gozag.
  8205 | D:8      | Found a stormy altar of Qazlal.
  8320 | D:8      | Reached skill level 5 in Fighting
  8817 | D:9      | Identified the +3 leather armour of Beauty {MR- Dex+5} (You
                  | found it on level 9 of the Dungeon)
  8860 | D:9      | Reached **** piety under Vehumet
  8906 | D:9      | Noticed an eight-headed hydra
  8925 | D:9      | Killed an eight-headed hydra
  8925 | D:9      | Reached XP level 11. HP: 64/64 MP: 7/21
  9073 | D:9      | Reached skill level 5 in Maces & Flails
  9096 | D:9      | Offered knowledge of Dazzling Spray by Vehumet.
  9597 | D:9      | Noticed a two-headed ogre
  9602 | D:9      | Killed a two-headed ogre
  9702 | D:10     | Entered Level 10 of the Dungeon
  9972 | D:10     | Noticed Fannar
 10000 | D:10     | Killed Fannar
 10000 | D:10     | Reached skill level 5 in Dodging
 10000 | D:10     | Reached skill level 5 in Evocations
 10096 | D:10     | Found a staircase to the Orcish Mines.
 10116 | D:10     | Reached ***** piety under Vehumet
 10227 | D:10     | Noticed Joseph
 10236 | D:10     | Killed Joseph
 10305 | D:11     | Offered knowledge of Fulminant Prism by Vehumet.
 10353 | D:11     | Noticed a red ugly thing
 10533 | D:11     | Killed a red ugly thing
 10977 | D:11     | Learned a level 6 spell: Iron Shot
 10995 | D:11     | Learned a level 5 spell: Bolt of Magma
 11007 | D:11     | Reached skill level 10 in Earth Magic
 11007 | D:11     | Reached XP level 12. HP: 69/71 MP: 20/23
 11014 | D:11     | Reached skill level 1 in Fire Magic
 11095 | D:11     | Found a transporter.
 11096 | D:11     | Identified the +9 dire flail "Kudip" {chaos, Int+2}
 11096 | D:11     | Noticed a two-headed ogre
 11096 | D:11     | Noticed krystol's ghost (journeyman MiFi)
 11097 | D:11     | Found a transporter.
 11416 | D:6      | Killed Mame's ghost
 11510 | D:6      | Got a pair of encrusted boots
 11516 | D:6      | Identified the +1 pair of boots of the Dungeon {rElec
                  | Regen+ MP-9 Int-2} (You found it on level 6 of the Dungeon)
 11624 | D:12     | Reached skill level 2 in Fire Magic
 11629 | D:12     | Noticed a two-headed ogre
 11634 | D:12     | Killed a two-headed ogre
 11703 | D:12     | Noticed a soul eater
 11864 | D:12     | Found Yczeeq's Armour Emporium.
 12014 | D:12     | Reached skill level 3 in Fire Magic
 12110 | D:12     | Found a gate leading to a gauntlet.
 12115 | Gauntlet | Entered a Gauntlet
 12115 | Gauntlet | Found a transporter.
 12115 | Gauntlet | Found a transporter.
 12274 | Gauntlet | Found a transporter.
 12279 | Gauntlet | Found a transporter.
 12285 | Gauntlet | Noticed a catoblepas
 12287 | Gauntlet | Found a transporter.
 12290 | Gauntlet | Found a transporter.
 12294 | Gauntlet | Found a runed translucent door.
 12296 | Gauntlet | Found a runed translucent door.
 12298 | Gauntlet | Found a transporter.
 12313 | Gauntlet | Found a runed translucent gate.
 12314 | Gauntlet | Found a transporter.
 12314 | Gauntlet | Found a runed translucent gate.
 12315 | Gauntlet | Found a runed translucent gate.
 12316 | Gauntlet | Noticed a death scarab
 12316 | Gauntlet | Noticed a death scarab
 12328 | Gauntlet | Found a transporter.
 12332 | Gauntlet | Found a transporter.
 12340 | Gauntlet | Found a transporter.
 12344 | Gauntlet | Found a transporter.
 12368 | Gauntlet | Noticed a queen ant
 12393 | Gauntlet | Got a scorched cloak
 12404 | Gauntlet | Identified the +1 cloak "Qoranead" {rPois Stlth+} (You
                  | found it in a Gauntlet)
 12477 | Gauntlet | Found a runed translucent door.
 12795 | Gauntlet | Reached XP level 13. HP: 76/76 MP: 23/26
 12825 | Gauntlet | Noticed a minotaur
 12835 | Gauntlet | Killed a minotaur
 12937 | Gauntlet | Got an ichor-stained great mace
 12937 | Gauntlet | Got a jewelled flail
 12938 | Gauntlet | Identified the cursed +2 great mace "Wablal" {freeze, +Inv
                  | rF+ Dex+3} (You found it in a Gauntlet)
 12939 | Gauntlet | Identified the +2 flail of Makhleb's Benevolence {flame,
                  | Fragile rPois rN+ Dex+6} (You found it in a Gauntlet)
 13120 | D:12     | Reached skill level 4 in Fire Magic
 13661 | D:13     | Noticed Jorgrun
 13679 | D:13     | Killed Jorgrun
 13953 | D:13     | Noticed Snorg
 13961 | D:13     | Killed Snorg
 13961 | D:13     | Reached skill level 5 in Fire Magic
 13961 | D:13     | Gained mutation: Your large and strong wings let you fly
                  | indefinitely. [Gargoyle growth]
 13961 | D:13     | Reached XP level 14. HP: 55/83 MP: 4/27
 14817 | D:14     | Noticed an ironheart preserver
 14830 | D:14     | Killed an ironheart preserver
 14836 | D:14     | Found a gate to the Vaults.
 14885 | D:14     | Reached skill level 6 in Fire Magic
 15095 | D:14     | Reached skill level 10 in Spellcasting
 16041 | D:14     | Reached skill level 7 in Fire Magic
 16043 | D:14     | Reached ****** piety under Vehumet
 16046 | D:14     | Noticed a brown very ugly thing
 16050 | D:14     | Killed a brown very ugly thing
 16050 | D:14     | Noticed a fire giant
 16057 | D:14     | Killed a fire giant
 16733 | Lair:1   | Entered Level 1 of the Lair of Beasts
 16799 | Lair:1   | Offered knowledge of Bolt of Fire by Vehumet.
 16807 | Lair:1   | Learned a level 6 spell: Bolt of Fire
 17117 | Lair:1   | Noticed Urug
 17120 | Lair:1   | Killed Urug
 17369 | Lair:1   | Reached XP level 15. HP: 90/90 MP: 25/29
 17390 | Lair:1   | Reached skill level 10 in Maces & Flails
 17390 | Lair:1   | Reached skill level 10 in Conjurations
 17628 | Lair:1   | Found a runed translucent door.
 17628 | Lair:1   | Found a shimmering altar of Xom.
 17628 | Lair:1   | Noticed SockSock's ghost (journeyman MiCK)
 17975 | Lair:1   | Reached skill level 8 in Fire Magic
 18158 | Lair:1   | Got a smoking golden ring
 18159 | Lair:1   | Identified the ring of Acuapuad {rC+ Int+4} (You found it
                  | on level 1 of the Lair of Beasts)
 18589 | Lair:2   | Found a hole to the Spider Nest.
 19330 | Lair:3   | You are sucked into a shaft and drop 3 floors!
 19330 | Lair:6   | Entered Level 6 of the Lair of Beasts
 19858 | Lair:4   | Noticed Sonja
 19862 | Lair:4   | Reached skill level 9 in Fire Magic
 19867 | Lair:4   | Killed Sonja
 20693 | Lair:4   | Found a staircase to the Swamp.
 20859 | Lair:4   | Learned a level 5 spell: Irradiate
 20927 | Lair:4   | Offered knowledge of Fireball by Vehumet.
 21333 | Lair:5   | Noticed Nessos
 21339 | Lair:5   | Killed Nessos
 22475 | Lair:6   | Reached skill level 10 in Fighting
 23117 | Lair:6   | Found a staircase to the Slime Pits.
 23624 | Lair:6   | Reached XP level 16. HP: 67/97 MP: 24/30
 23817 | Lair:6   | Found a large runed translucent door.
 23817 | Lair:6   | Found a large runed translucent door.
 24234 | Lair:6   | Reached skill level 10 in Fire Magic
 24490 | Orc:1    | Entered Level 1 of the Orcish Mines
 24642 | Orc:1    | Offered knowledge of Freezing Cloud by Vehumet.
 25361 | Orc:2    | Entered Level 2 of the Orcish Mines
 25680 | Orc:2    | Found a runed translucent gate.
 25680 | Orc:2    | Found a runed translucent gate.
 25680 | Orc:2    | Found a runed translucent gate.
 25684 | Orc:2    | Noticed SirMumm's ghost (journeyman GrWz)
 25687 | Orc:2    | Found the +10 zealot's sword {holy, *Rage rN+ EV+3}
 25688 | Orc:2    | Found an iron altar of Okawaru.
 25851 | Orc:2    | Found Duekaxt's Antique Armour Shoppe.
 25860 | Orc:2    | Found a staircase to the Elven Halls.
 25873 | Orc:2    | Bought a pair of embroidered gloves for 262 gold pieces
 26595 | Orc:2    | Found a roughly hewn altar of Beogh.
 26704 | Orc:2    | Found Atuugg's Jewellery Boutique.
 26726 | Orc:2    | Found Amiavom's General Store.
 26750 | Orc:2    | Bought a potion of heal wounds for 65 gold pieces
 26942 | Orc:2    | Found Mutoin's Antique Armour Boutique.
 26948 | Orc:2    | Bought a pair of crude boots for 275 gold pieces
 26958 | Orc:2    | Identified the +1 pair of boots of Temperance {Dex+5} (You
                  | bought it in a shop on level 2 of the Orcish Mines)
 26967 | Orc:2    | Found Ibut's Antique Weapon Boutique.
 26974 | Orc:2    | Bought a dazzling morningstar for 261 gold pieces
 26974 | Orc:2    | Identified the cursed +1 morningstar of Winexon {chaos,
                  | *Drain +Inv rPois rN+++} (You bought it in a shop on level
                  | 2 of the Orcish Mines)
 27178 | D:15     | Entered Level 15 of the Dungeon
 28634 | D:15     | Found a staircase to the Depths.
 28709 | D:15     | Reached skill level 11 in Fire Magic
 29677 | Elf:1    | Entered Level 1 of the Elven Halls
 29679 | Elf:1    | Offered knowledge of Conjure Ball Lightning by Vehumet.
 30414 | Elf:1    | Noticed Agnes
 30427 | Elf:1    | Killed Agnes
 30454 | Elf:1    | Reached XP level 17. HP: 84/104 MP: 22/32
 31310 | Elf:1    | Upgraded the game from 0.24-a0-693-g39a19ac0f1 to
                  | 0.24-a0-699-g5a66b1aa3b
 32045 | Elf:2    | Offered knowledge of Bolt of Cold by Vehumet.
 32060 | Elf:2    | Found a runed translucent gate.
 32060 | Elf:2    | Found a runed translucent gate.
 32060 | Elf:2    | Found a runed translucent gate.
 32116 | Elf:3    | Entered Level 3 of the Elven Halls
 32565 | Elf:3    | Reached skill level 12 in Fire Magic
 32566 | Elf:3    | Noticed a deep elf blademaster
 32572 | Elf:3    | Noticed a deep elf master archer
 32986 | Elf:3    | Killed a deep elf master archer
 32990 | Elf:3    | Noticed a deep elf blademaster
 32990 | Elf:3    | Noticed a deep elf master archer
 32994 | Elf:3    | Noticed a deep elf blademaster
 33000 | Elf:3    | Killed a deep elf blademaster
 33002 | Elf:3    | Killed a deep elf blademaster
 33003 | Elf:3    | Killed a deep elf master archer
 33281 | Elf:3    | Identified the +9 short sword "Myerph" {antimagic, *Contam
                  | MR+ Dex+5}
 33373 | Elf:3    | Identified the +5 war axe of Ciduog {protect, rElec Str+3}
 33795 | Elf:3    | Identified the cursed +0 glaive "Koepsiodd" {chop, rPois
                  | Int-4 Dex+10 Stlth-}
 33954 | Elf:3    | Identified the +2 scale mail "Jauchoniov" {rF+}
 33964 | Elf:3    | Killed a deep elf blademaster
 33973 | Elf:3    | Reached XP level 18. HP: 75/112 MP: 2/34
 33977 | Elf:3    | Noticed a deep elf master archer
 34143 | Elf:3    | Killed a deep elf master archer
 34725 | Elf:3    | Identified the ring "Cantid" {MP+9 Stlth-}
 34725 | Elf:3    | Noticed a deep elf blademaster
 34738 | Elf:3    | Killed a deep elf blademaster
 35070 | Elf:3    | Identified the +7 scythe "Feukliaf" {freeze, +Fly}
 35254 | Elf:3    | Identified the cursed +1 falchion of Sehubauwn {freeze,
                  | Stlth+}
 35347 | Elf:3    | Reached skill level 13 in Fire Magic
 35611 | Elf:3    | Identified the Disquisition on Dark Enchantment
 35625 | Elf:3    | Identified the Catalogue of Earth and Weightlessness
 36174 | Elf:3    | Noticed a deep elf master archer
 36176 | Elf:3    | Killed a deep elf master archer
 36818 | Swamp:1  | Entered Level 1 of the Swamp
 37212 | Swamp:1  | Offered knowledge of Ozocubu's Refrigeration by Vehumet.
 37439 | Swamp:1  | Noticed a tentacled monstrosity
 37456 | Swamp:1  | Killed a tentacled monstrosity
 39112 | Swamp:2  | Identified a scroll of acquirement
 39412 | Swamp:3  | Offered knowledge of Lehudib's Crystal Spear by Vehumet.
 39412 | Swamp:3  | Offered knowledge of Chain Lightning by Vehumet.
 39412 | Swamp:3  | Offered knowledge of Ignition by Vehumet.
 39433 | Swamp:2  | Learned a level 8 spell: Ignition
 39676 | Swamp:3  | Found a transporter.
 40004 | Swamp:3  | Found a transporter.
 40417 | Swamp:3  | Identified the Tome of Contamination
 40422 | Swamp:3  | Got a smoking bronze ring
 40423 | Swamp:3  | Identified the ring of Wetowkur {rPois rF+ rC+ Int-4} (You
                  | found it on level 3 of the Swamp)
 40436 | Swamp:3  | Got a smoking iron amulet
 40437 | Swamp:3  | Identified the amulet "Goifian" {Harm *Drain rN+ MP+9 Str+2
                  | Dex+3} (You found it on level 3 of the Swamp)
 40461 | Swamp:4  | Entered Level 4 of the Swamp
 41182 | Swamp:4  | Identified Roxanne's Almanac of Shape Shifting
 41182 | Swamp:4  | Noticed Roxanne
 41186 | Swamp:4  | Killed Roxanne
 41186 | Swamp:4  | Reached XP level 19. HP: 117/117 MP: 17/35
 41200 | Swamp:4  | Reached skill level 10 in Dodging
 41256 | Swamp:4  | Noticed a tentacled monstrosity
 41667 | Swamp:4  | Killed a tentacled monstrosity
 41865 | Swamp:4  | Reached skill level 14 in Fire Magic
 42171 | Swamp:4  | Got a decaying rune of Zot
 42926 | Spider:1 | Entered Level 1 of the Spider Nest
 44144 | Spider:2 | Reached skill level 15 in Earth Magic
 46530 | Spider:3 | Noticed Arachne
 46541 | Spider:3 | Reached XP level 20. HP: 102/124 MP: 22/37
 46556 | Spider:3 | Killed Arachne
 47463 | Spider:4 | Entered Level 4 of the Spider Nest
 47717 | Vaults:1 | Entered Level 1 of the Vaults
 47962 | Vaults:1 | Noticed Donald
 47964 | Vaults:1 | Killed Donald
 48170 | Vaults:1 | Reached skill level 15 in Fire Magic
 50606 | Vaults:2 | Noticed Sojobo
 51119 | Vaults:2 | Reached XP level 21. HP: 56/131 MP: 14/38
 51505 | Vaults:2 | Killed Sojobo
 51917 | Vaults:2 | Reached skill level 16 in Fire Magic
 52404 | Vaults:2 | Identified the Compendium of a Billion Coins
 52714 | Vaults:2 | Identified the Collected Works on Fire
 52897 | Vaults:2 | Noticed a bone dragon
 52904 | Vaults:2 | Killed a bone dragon
 53091 | Vaults:2 | Identified the Compendium of Black Magic
 53672 | Vaults:3 | Noticed Frederick
 53719 | Vaults:3 | Killed Frederick
 54325 | Vaults:3 | Reached XP level 22. HP: 129/138 MP: 18/40
 54354 | Vaults:3 | Reached skill level 15 in Conjurations
 54841 | Vaults:3 | Found a staircase to the Crypt.
 55505 | Vaults:4 | Reached skill level 17 in Fire Magic
 56311 | Vaults:4 | Reached skill level 15 in Fighting
 56941 | Vaults:4 | Noticed Saint Roka
 56955 | Vaults:4 | Killed Saint Roka
 57840 | Vaults:5 | Entered Level 5 of the Vaults
 57842 | Vaults:5 | Reached XP level 23. HP: 144/144 MP: 41/41
 57851 | Vaults:5 | Noticed a golden dragon
 58387 | Depths:1 | Entered Level 1 of the Depths
 58751 | Depths:1 | Found a one-way gate to the infinite horrors of the Abyss.
 58770 | Depths:1 | Reached skill level 18 in Fire Magic
 59748 | Depths:1 | Identified the +7 dagger of Doatab {vamp, Dex+3}
 59978 | Depths:1 | Found a gateway to a ziggurat.
 59994 | Depths:1 | Found a gateway to Hell.
 61216 | Depths:2 | Noticed Nikola
 61221 | Depths:2 | Killed Nikola
 61247 | Depths:2 | Reached skill level 15 in Spellcasting
 61266 | Depths:2 | Noticed a juggernaut
 61642 | Depths:1 | Killed a juggernaut
 62697 | Depths:2 | Noticed a caustic shrike
 62701 | Depths:2 | Killed a caustic shrike
 62701 | Depths:2 | Reached XP level 24. HP: 115/152 MP: 24/42
 62975 | Depths:3 | Noticed Aizul
 63007 | Depths:3 | Found a magical portal.
 63018 | Depths:3 | Killed Aizul
 63970 | WizLab   | Got a heavily runed ivory amulet
 63971 | WizLab   | Identified the amulet "Amave" {Inacc Fragile rPois Str+4
                  | Dex+4} (You found it in a wizard's laboratory)
 63985 | WizLab   | Gained mutation: You are clumsy. (Dex -2) [a cacodemon]
 64158 | WizLab   | Found a transporter.
 64300 | WizLab   | Reached skill level 19 in Fire Magic
 64712 | WizLab   | Found a transporter.
 65586 | WizLab   | Identified Lehudib's Papyrus of the Unstable Mountains
 65629 | WizLab   | Got a coiled bronze ring
 65630 | WizLab   | Identified the ring "Nuthruga" {-Tele rPois MR+ rCorr
                  | Str+3} (You found it in a wizard's laboratory)
 65839 | Depths:3 | Found a glowing golden altar of the Shining One.
 66589 | Depths:3 | Found a transporter.
 66596 | Depths:3 | Noticed Jory
 66607 | Depths:3 | Killed Jory
 66628 | Depths:3 | Found a transporter.
 66651 | Depths:3 | Got a vibrating iron amulet
 66652 | Depths:3 | Identified the amulet of Bome {RegenMP Str+3} (You found it
                  | on level 3 of the Depths)
 66670 | Depths:3 | Identified the cursed +0 leather armour of Liberty {Int+5}
                  | (You found it on level 3 of the Depths)
 67175 | Depths:3 | Found a one-way gate leading to the halls of Pandemonium.
 67198 | Depths:3 | Noticed Asterion
 67201 | Depths:3 | Killed Asterion
 67858 | Crypt:1  | Entered Level 1 of the Crypt
 67887 | Crypt:1  | Mangled by a vampire knight

Levels and vault maps discovered:
D:1:      evilmike_arrival_crescent, layout_loops_ring
D:2:      minmay_roachtagon, layout_basic, marbit_many_paths,
          lemuel_blue_sif_altar
D:3:      layout_basic, old_standard_altar, gammafunk_temple_overflow_elements,
          uniq_grinder, uniq_sigmund
D:4:      layout_loops_corners, old_standard_altar, temple_green, first_ration
D:5:      layout_loops_cross, bloody_makhleb, okawaru_altar_gauntlet_db,
          st_stairs_10, minmay_mini_ossuary, uniq_duvessa
D:6:      layout_basic, biasface_ghost_orc_armoury, tgw_xom
D:7:      layout_rooms
D:8:      layout_basic, lemuel_round_altar, nicolae_gozag_seed_capital,
          minmay_lair_entry_grove, david_nohive_1
D:9:      layout_irregular_city
D:10:     layout_cross, erik_orc_4, uniq_joseph, uniq_fannar
D:11:     layout_loops_ring, gammafunk_ghost_smash
D:12:     layout_basic, serial_shops, shop, gauntlet_entry_generic,
          nicolae_zen_rock_garden
D:13:     layout_loops_ring, lemuel_nasty_fountain, uniq_snorg, uniq_jorgrun
D:14:     minmay_expanding_squares, layout_gridville,
          skrybe_vaults_entry_preservation
D:15:     hangedman_depths_entry_civil_slaughter, layout_grid_maze,
          due_unseen_surprise
Temple:   cyrus_circular_temple
Lair:1:   layout_big_grid, ebering_ghost_xom, serial_bayou_ford_a,
          serial_bayou_shore_b, minmay_lair_oklob_chamber, grunt_megastairs_2,
          uniq_urug
Lair:2:   layout_roguey, nicolae_spider_entry_orb_guardian
Lair:3:   wander_river, layout_long_grid, minivault_11
Lair:4:   layout_hall_layers, swamp_mist, minmay_another_anthill, uniq_sonja
Lair:5:   layout_cave_pods, gammafunk_lair_bear_cave, lemuel_fruit_tree,
          uniq_nessos
Lair:6:   cheibrodos_lair_end_hotspot, layout_regular_city,
          minmay_slime_entry_oklob_enclosed, hibernation_bobbens
Swamp:1:  cheibrodos_swamp_monstrosity, layout_falls_marsh,
          nicolae_swamp_very_dense_foliage, swamp_pool1
Swamp:2:  layout_falls_marsh, serial_swamp_ruin, evilmike_swamp_ruin_house_4,
          evilmike_swamp_ruin_house_5, swamp_pool3
Swamp:3:  gammafunk_its_a_trap, layout_basic_swamp, nicolae_swamp_round_clearing
Swamp:4:  swamp_vile, layout_basic_swamp, swamp_pool2,
          infiniplex_staircase_pool, uniq_roxanne
Spider:1: layout_spider_delve
Spider:2: nicolae_spider_hall_of_the_moth_king
Spider:3: layout_spider_delve, uniq_arachne
Spider:4: spider_rune_water
Orc:1:    cheibrodos_orc_arena, layout_caves
Orc:2:    grunt_orc_cross, layout_diamond_mine, gammafunk_ghost_fury_of_okawaru,
          serial_shops, nicolae_shop_window_shopping, abandoned_shop
Elf:1:    layout_loops_cross, uniq_agnes
Elf:2:    layout_gridlike
Elf:3:    minmay_elf_hall_furrowed, layout_onion_city
Vaults:1: nicolae_vaults_octagons, grunt_vaults_swirl, v_misc_30,
          ontoclasm_vaults_claustrophobia, nicolae_vaults_alarming,
          ontoclasm_vaults_decontamination, vaults_room_hallway, serial_ice_b,
          vaults_mumra_chevron_long, v_misc_24,
          vaults_room_grunt_arrival_checkpoint, hangedman_vaults_trim,
          nicolae_vaults_mini_display_case, serial_ice_g,
          grunt_vaults_hallway_long, layout_vaults_omnicross, uniq_donald
Vaults:2: v_pattern_2, hangedman_vaults_corner_blocks,
          nicolae_vaults_network_periphery, vaults_mumra_lcd, v_rooms_6,
          v_rooms_1, v_alt_pattern_3, v_alt_pattern_4,
          nicolae_vaults_border_crossing, nicolae_vaults_network_quinsquares
          [nicolae_vaults_network_quincunx_subvault,
          nicolae_vaults_network_quincunx_subvault,
          nicolae_vaults_network_quincunx_subvault,
          nicolae_vaults_network_quincunx_subvault], vaults_room_glass_cross,
          grunt_vaults_hallway_long, vaults_dpeg_cross, v_misc_8,
          ontoclasm_vaults_fault, vaults_room_semicircle, nicolae_vaults_theta,
          layout_vaults_omnibox, serial_hangedman_research,
          hangedman_research_thermodynamics, hangedman_research_thanatology,
          hangedman_research_pyrotechnics, uniq_sojobo
Vaults:3: vaults_dpeg_hooks, hangedman_vaults_snaps, ontoclasm_vaults_shuriken,
          v_misc_13, hangedman_vaults_slice, vaults_mumra_minichess_inversion,
          grunt_vaults_hallway_long, minmay_crypt_entry_simple_box,
          vaults_dpeg_spiral, sword_in_stone, hangedman_vaults_river_flow,
          vaults_dpeg_diagonal, nicolae_vaults_gold_heap,
          vaults_room_fancy_cross, nicolae_vaults_little_squares_4,
          nicolae_vaults_twisting_passages, layout_vaults_ring, uniq_frederick
Vaults:4: vaults_room_fancy_cross, nicolae_vaults_lopsided_apartments,
          vaults_dpeg_doors, v_alt_pattern_2, vaults_room_ringed_pool,
          v_misc_33, ontoclasm_vaults_tryst, vaults_standard_mumra_x,
          nicolae_vaults_diagonal_hallway_7, ontoclasm_vaults_gateway,
          vaults_room_fancy_cross, layout_vaults_maze_snakey, uniq_saint_roka
Vaults:5: uniq_mara
Crypt:1:  layout_rooms, basic_altar, grunt_megastairs_3,
          grunt_crypt_arrival_webbed, uniq_bai_suzhen
Depths:1: layout_honeycomb, enter_ziggurat_a, abyss_entry, hell_entry,
          chequers_hall_statues_corner_a, onia_ninara_cookie,
          serial_bayou_shore_b
Depths:2: minmay_sliced_demisemicircle, layout_cave_pools, serial_glass,
          glass_columns_a, glass_columns_a, pf_coc_iceberg,
          minmay_staircase_statues, uniq_nikola
Depths:3: gammafunk_jiyva_shrine, layout_long_grid, lightli_too_deep,
          mu_enter_wizlab_5, rand_demon_pan_entry_4, tso_metal_star,
          serial_bayou_pond_a, evilmike_butchery, infiniplex_staircase_zigzag_2,
          uniq_jory, uniq_aizul, uniq_asterion

Skill      XL: |  1  2  3  4  5  6  7  8  9 10 11 12 13 14 15 16 17 18 19 20 21 22 23 24 |
---------------+-------------------------------------------------------------------------+-----
Earth Magic    | 4 5 6 7 8 9 10 11 12 13 14 15 16 17 18 | 18.5
Conjurations   | 1 3 4 5 6 7 8 9 10 11 12 13 14 15 16 | 16.9
Spellcasting   | 3 4 5 6 7 9 10 11 12 13 14 15 | 15.6
Fighting       | 1 2 4 5 6 7 9 10 11 12 13 14 15 16 | 16.6
Maces & Flails | 1 2 3 4 5 8 9 10 11 12 13 14 | 14.0
Armour         | 1 2 4 5 6 |  6.0
Dodging        | 2 3 4 5 6 7 8 9 10 11 12 13 | 13.4
Evocations     | 2 3 4 5 6 |  6.0
Fire Magic     | 3 5 7 9 11 12 13 14 15 16 17 18 19 | 19.5
Stealth        | |  2.1
Transmutations | |  0.7

Action                   |  1- 3 |  4- 6 |  7- 9 | 10-12 | 13-15 | 16-18 | 19-21 | 22-24 || total
-------------------------+-------+-------+-------+-------+-------+-------+-------+-------++-------
Melee: Short sword       |   108 |    41 |    90 |       |       |       |       |       ||   239
       Headbutt          |       |       |    35 |    13 |    70 |    66 |   121 |    82 ||   387
       Trident           |       |       |   173 |   193 |       |       |       |       ||   366
       Morningstar       |       |       |       |       |   487 |   423 |   530 |   323 ||  1763
       Eveningstar       |       |       |       |       |       |       |       |    16 ||    16
Throw: Stone             |       |       |       |       |       |       |       |     5 ||     5
       Throwing net      |       |       |       |       |       |       |       |     1 ||     1
 Cast: Sandblast         |    33 |    31 |   107 |   191 |   127 |    80 |    17 |    28 ||   614
       Stone Arrow       |       |     3 |    10 |    36 |    10 |    31 |     4 |     4 ||    98
       Lee's Rapid Decon |       |       |    12 |    44 |    51 |    97 |    87 |    77 ||   368
       Petrify           |       |       |       |     1 |       |       |       |       ||     1
       Iron Shot         |       |       |       |     1 |    82 |   184 |   157 |   155 ||   579
       Bolt of Fire      |       |       |       |       |    11 |   106 |    56 |   132 ||   305
       Irradiate         |       |       |       |       |       |     8 |     2 |       ||    10
       Ignition          |       |       |       |       |       |     1 |    55 |    63 ||   119
 Abil: Fly               |       |       |       |       |     1 |       |       |       ||     1
Evoke: Wand              |       |     2 |    12 |    14 |    19 |    18 |    16 |    15 ||    96
       Lightning rod     |       |       |       |       |     4 |       |       |     3 ||     7
       Fan of gales      |       |       |       |       |     1 |       |     1 |     1 ||     3
       Box of beasts     |       |       |       |       |       |       |     2 |     3 ||     5
  Use: Scroll            |     5 |     4 |     5 |     7 |    17 |    21 |    11 |    14 ||    84
       Potion            |       |     5 |     5 |     5 |     9 |     5 |    12 |     2 ||    43
 Stab: Sleeping          |     4 |       |     4 |     4 |     7 |     1 |     7 |     1 ||    28
       Distracted        |       |       |     1 |       |     2 |       |     1 |     2 ||     6
       Confused          |       |       |       |       |     2 |     1 |       |       ||     3
  Eat: Chunk             |     3 |     2 |    20 |    24 |    53 |   124 |    94 |    83 ||   403
       Ration            |       |       |       |     2 |     9 |       |     3 |     4 ||    18
Armor: Robe              |    67 |    17 |   111 |   170 |   289 |   321 |   474 |   229 ||  1678
       Skin              |       |     9 |     8 |       |       |       |       |       ||    17
Dodge: Dodged            |   106 |    35 |   202 |   309 |   466 |   506 |   768 |   413 ||  2805

Table legend:
 A = Non-vault XP
 B = Vault XP
 C = Vault XP percentage of total XP
 D = Non-vault monster count
 E = Vault monster count
 F = Vault count percentage of total count
                 A         B        C        D         E       F
            +---------+---------+-------+---------+---------+-------
      Total |  485698 |  458494 |  48.6 |    1306 |     662 |  33.6
            +---------+---------+-------+---------+---------+-------
        D:1 |      34 |       0 |   0.0 |      17 |       0 |   0.0
        D:2 |      39 |      18 |  31.6 |      17 |       9 |  34.6
        D:3 |     126 |     535 |  80.9 |      26 |       2 |   7.1
        D:4 |     502 |       0 |   0.0 |      26 |       0 |   0.0
        D:5 |     572 |     354 |  38.2 |      22 |      13 |  37.1
        D:6 |     606 |    1196 |  66.4 |      22 |      18 |  45.0
        D:7 |    1083 |     682 |  38.6 |      38 |       5 |  11.6
        D:8 |    1242 |    2314 |  65.1 |      25 |      24 |  49.0
        D:9 |    3583 |       0 |   0.0 |      25 |       0 |   0.0
       D:10 |    1420 |    1998 |  58.5 |      18 |      19 |  51.4
       D:11 |    4048 |       0 |   0.0 |      31 |       0 |   0.0
       D:12 |    6150 |       0 |   0.0 |      49 |       0 |   0.0
       D:13 |    3760 |    4003 |  51.6 |      24 |       2 |   7.7
       D:14 |   13131 |   12647 |  49.1 |      30 |      28 |  48.3
       D:15 |   13367 |    5386 |  28.7 |      33 |       6 |  15.4
     Lair:1 |    7961 |    1598 |  16.7 |      32 |       3 |   8.6
     Lair:2 |    6623 |     613 |   8.5 |      23 |       1 |   4.2
     Lair:3 |     652 |       0 |   0.0 |       3 |       0 |   0.0
     Lair:4 |    4616 |    5840 |  55.9 |      17 |      26 |  60.5
     Lair:5 |    4305 |    1888 |  30.5 |      16 |       5 |  23.8
     Lair:6 |    7905 |    9125 |  53.6 |      21 |      29 |  58.0
    Swamp:1 |    9265 |    2708 |  22.6 |      22 |       1 |   4.3
    Swamp:2 |   20615 |       0 |   0.0 |      42 |       0 |   0.0
    Swamp:3 |    5119 |    2968 |  36.7 |      20 |       4 |  16.7
    Swamp:4 |   13784 |   22258 |  61.8 |      34 |      31 |  47.7
   Spider:1 |   17042 |       0 |   0.0 |      42 |       0 |   0.0
   Spider:2 |   18042 |    6468 |  26.4 |      49 |      11 |  18.3
   Spider:3 |   16280 |    3565 |  18.0 |      40 |       1 |   2.4
      Orc:1 |    5001 |    2309 |  31.6 |      45 |      20 |  30.8
      Orc:2 |    3062 |    7433 |  70.8 |      47 |      34 |  42.0
      Elf:1 |   13851 |    2248 |  14.0 |      28 |       1 |   3.4
      Elf:2 |    9441 |    2696 |  22.2 |      17 |       3 |  15.0
      Elf:3 |   15777 |   54017 |  77.4 |      31 |      32 |  50.8
   Vaults:1 |   24808 |   31748 |  56.1 |      52 |      44 |  45.8
   Vaults:2 |   18612 |   61686 |  76.8 |      33 |      83 |  71.6
   Vaults:3 |   36113 |   38499 |  51.6 |      57 |      37 |  39.4
   Vaults:4 |   54706 |   19920 |  26.7 |      66 |      24 |  26.7
   Vaults:5 |    2492 |   26644 |  91.4 |       5 |      26 |  83.9
    Crypt:1 |    3036 |       0 |   0.0 |       4 |       0 |   0.0
   Depths:1 |   44050 |   26490 |  37.6 |      55 |      23 |  29.5
   Depths:2 |   20714 |   22537 |  52.1 |      24 |      12 |  33.3
   Depths:3 |   50746 |   21306 |  29.6 |      68 |      23 |  25.3
     WizLab |    1417 |   51889 |  97.3 |      10 |      51 |  83.6
   Gauntlet |       0 |    2908 | 100.0 |       0 |      11 | 100.0
            +---------+---------+-------+---------+---------+-------
